 Dungeon Crawl Stone Soup version 0.29.1-15-g9cfb28693d (webtiles) character file.

Game seed: 8235106122343748294

121 booth the Trooper (level 5, 0/33 HPs)
             Began as a Gargoyle Monk on Mar 9, 2023.
             Was a Follower of Uskayaw.
             Slain by a lemure (6 damage)
             ... led by Pikel
             ... on level 4 of the Dungeon.
             The game lasted 00:21:24 (4082 turns).

booth the Trooper (Gargoyle Monk)                   Turns: 4082, Time: 00:21:25

Health: 0/33       AC:  6    Str: 16    XL:     5   Next: 5%
Magic:  0/5        EV: 12    Int: 11    God:    Uskayaw [*.....]
Gold:   85         SH:  0    Dex: 12    Spells: 4/4 levels left

rFire   . . .      SeeInvis .   a - +2 mace
rCold   . . .      Faith    .   (no shield)
rNeg    + . .      Spirit   .   b - +0 robe
rPois   ∞          Reflect  .   (no helmet)
rElec   +          Harm     .   (no cloak)
rCorr   .          Rampage  .   (no gloves)
Will    .....                   (no boots)
Stlth   ++........              (no amulet)
HPRegen 0.11/turn               (no ring)
MPRegen 0.09/turn               (no ring)

@: no status effects
A: sickness immunity, AC +4, negative energy resistance 1, electricity
resistance, torment resistance 1, petrification resistance
a: Renounce Religion, Stomp


You were on level 4 of the Dungeon.
You worshipped Uskayaw.
Uskayaw was noncommittal.
You visited 1 branch of the dungeon, and saw 4 of its levels.

You collected 85 gold pieces.

Inventory:

Hand Weapons
 a - a +2 mace (weapon)
 f - a +0 dagger
Missiles
 p - 4 silver javelins (quivered)
Armour
 b - a +0 robe (worn)
 k - a +0 leather armour
Jewellery
 i - a ring of wizardry
Wands
 m - a wand of digging (6)
Scrolls
 h - a scroll of amnesia
 l - a scroll of magic mapping
 o - a scroll of enchant weapon
Potions
 c - 2 potions of ambrosia
 d - a potion of brilliance
 e - 3 potions of curing
 g - 2 potions of haste {unknown}
 j - a potion of mutation
 n - a potion of heal wounds {unknown}


   Skills:
 + Level 4.0 Fighting
 * Level 3.9 Maces & Flails
 + Level 0.9 Throwing
 + Level 3.0 Dodging
 + Level 3.2 Stealth


You had 4 spell levels left.
You didn't know any spells.
Your spell library contained the following spells:

 Spells                   Type           Power      Damage    Failure   Level
 Summon Small Mammal      Summ           0%         N/A       34%         1
 Call Canine Familiar     Summ           0%         N/A       71%         3
 Confusing Touch          Hex            0%         N/A       71%         3
 Summon Guardian Golem    Hex/Summ       0%         N/A       71%         3
 Yara's Violent Unravell  Hex/Tmut       0%         3d3       100%        5
 Enfeeble                 Hex            0%         N/A       100%        7


Dungeon Overview and Level Annotations

Branches:
Dungeon (4/15)
 Temple: D:4-7

Altars:
Uskayaw
Vehumet

Shops:
D:1 [   D:2 :


Innate Abilities, Weirdness & Mutations

You are immune to sickness and miasma.
Your stone body is resilient. (AC +4)
You are immune to poison.
You resist negative energy. (rN+)
You are resistant to electric shocks. (rElec)
You are resistant to unholy torment.
You are immune to petrification.


Message History

You stomp with the beat, sending a shockwave through the revellers around you!
You kill the goblin!
The lemure is moderately wounded.
You can no longer pass through a line of other dancers.
The lemure closely misses you.
You hit the lemure.
The lemure is heavily wounded.
The lemure hits you but does no damage.
You can now pass through a line of other dancers.
You closely miss the lemure.
The lemure is heavily wounded.
The lemure hits you but does no damage.
You hit the lemure.
The lemure is heavily wounded.
The lemure hits you.
* * * LOW HITPOINT WARNING * * *
You barely miss the lemure.
The lemure is heavily wounded.
The lemure hits you but does no damage. The lemure hits you.
* * * LOW HITPOINT WARNING * * *
You feel better. The lemure hits you.
* * * LOW HITPOINT WARNING * * *
You hit the lemure.
The lemure is heavily wounded.
The lemure barely misses you.
You barely miss the lemure.
The lemure is heavily wounded.
The lemure closely misses you.
You barely miss the lemure.
The lemure is heavily wounded.
The lemure barely misses you.
You thump the lemure!
The lemure is severely wounded.
The lemure hits you.
* * * LOW HITPOINT WARNING * * *
You stomp with the beat, sending a shockwave through the revellers around you!
The lemure is almost dead.
You can no longer pass through a line of other dancers.
The lemure hits you.
You die...

#..# .# #..# .##
#..##...#
#.>..B..##### #..#
#>..##
#..######...<#
#.5##..##....#
##..#.........#
#.g.#..@......#
#..B#..5......#
##..##..##..###
##..##†)##..#
#.......#........(w
#.......+..........
###'######+###..###
#.. ### #..


You could see a lemure.

Vanquished Creatures
  A gnoll (D:1)
  2 adders
  2 worms
  2 dart slugs (D:2)
  12 orcs (D:3)
  5 ball pythons
  2 endoplasms (D:3)
  3 giant cockroaches
  3 goblins
  9 hobgoblins
  2 jackals (D:1)
  4 quokkas
  8 bats
  A frilled lizard (D:3)
  7 kobolds
  3 rats (D:1)
66 creatures vanquished.

Vanquished Creatures (others)
  8 plants (D:1)
8 creatures vanquished.

Grand Total: 74 creatures vanquished

Notes
Turn   | Place    | Note
-------+----------+-------------------------------------------
     0 | D:1      | booth the Gargoyle Monk began the quest for the Orb.
     0 | D:1      | Reached XP level 1. HP: 14/14 MP: 1/1
   102 | D:1      | Reached XP level 2. HP: 8/19 MP: 2/2
   158 | D:1      | Found Goamp's Antique Armour Shop.
   897 | D:1      | Reached XP level 3. HP: 18/23 MP: 3/3
  1638 | D:1      | Found a faded altar of an unknown god.
  1677 | D:1      | Prayed at the altar of an unknown god.
  1677 | D:1      | Became a worshipper of Uskayaw the Reveller
  1677 | D:1      | Reached * piety under Uskayaw
  1677 | D:1      | Reached ** piety under Uskayaw
  2221 | D:2      | Found Bameuh's Book Emporium.
  2870 | D:3      | Reached XP level 4. HP: 29/29 MP: 4/4
  2905 | D:3      | Found a radiant altar of Vehumet.
  2937 | D:3      | Reached *** piety under Uskayaw
  2938 | D:3      | Reached **** piety under Uskayaw
  3331 | D:3      | Reached skill level 4 in Fighting
  4046 | D:4      | Noticed a lemure
  4060 | D:4      | Reached XP level 5. HP: 31/33 MP: 5/5
  4082 | D:4      | Slain by a lemure

Illustrated notes

Levels and vault maps discovered:
D:1:      eino_arrival_cavern_c, layout_loops_ring, serial_shops,
          nicolae_lakefront_shop, chequers_ecumenical_altar_lobes
D:2:      layout_rooms, serial_shops, shop, grunt_decor_one_mirror,
          nrook_mini_vaults, guppyfry_early_lair_pool
D:3:      layout_basic, mainiacjoe_overflow_24_doors
D:4:      layout_gridville, mainiacjoe_overflow_paths, minmay_temple_entry_tees,
          gup_ossuary_entry_pyramid, uniq_pikel, uniq_blork_the_orc, uniq_ijyb

Skill      XL: |  1  2  3  4 |
---------------+-------------+-----
Stealth        | 3 |  3.2
Fighting       | 4 |  4.0
Dodging        | 3 |  3.0
Maces & Flails | |  3.9
Throwing       | |  0.9

Action                   |  1- 3 |  4- 6 || total
-------------------------+-------+-------++-------
Melee: Mace              |   110 |    70 ||   180
       Punch             |     1 |       ||     1
Throw: Dart              |    43 |     2 ||    45
Invok: Stomp             |       |     4 ||     4
  Use: Scroll            |     7 |     1 ||     8
       Potion            |     2 |     1 ||     3
 Stab: Sleeping          |     1 |     1 ||     2
       Paralysed         |       |     1 ||     1
Armor: Robe              |    71 |    21 ||    92
Dodge: Dodged            |   111 |    51 ||   162
